 Dungeon Crawl Stone Soup version 0.32-a0-540-g866d131 (webtiles) character file.

Game seed: 12035814348457858736

3825 LunLunTong the Cleaver (level 9, -4/82 HPs)
             Began as a Minotaur Fighter on Feb 28, 2024.
             Was a Believer of Okawaru.
             Slain by an orc knight
             ... wielding a +0 bardiche
              (19 damage)
             ... in a bailey.
             The game lasted 00:35:33 (7982 turns).

LunLunTong the Cleaver (Minotaur Fighter)           Turns: 7982, Time: 00:35:34

Health: -4/82      AC: 17    Str: 31    XL:     9   Next: 97%
Magic:  7/8        EV:  8    Int:  5    God:    Okawaru [**....]
Gold:   425        SH:  5    Dex: 10    Spells: 8/8 levels left

rFire   . . .        a - +0 war axe
rCold   . . .        c - +0 buckler
rNeg    . . .        j - +0 plate armour
rPois   .            (helmet restricted)
rElec   .            (no cloak)
rCorr   .            (no gloves)
SInv    .            (no boots)
Will    .....        J - amulet of the acrobat Stlth
                     z - +4 ring of protection
HPRegen 0.33/turn    v - +6 ring of strength
MPRegen 0.11/turn

%: acrobat
@: no status effects
A: horns 2, retaliatory headbutt
a: Renounce Religion, Heroism


You were in a bailey.
You worshipped Okawaru.
Okawaru was pleased with you.
You visited 2 branches of the dungeon, and saw 9 of its levels.
You also visited: Ossuary and Bailey.

You collected 425 gold pieces.

Inventory:

Hand Weapons
 a - a +0 war axe (weapon)
 r - a +2 spectral club
Missiles
 A - 3 javelins (quivered)
 G - a curare-tipped dart
 L - a boomerang
Armour
 c - a +0 buckler (worn)
 j - a +0 plate armour (worn)
 N - a scarf of shadows
Jewellery
 o - a ring of flight
 s - a ring of see invisible
 v - a +6 ring of strength (right hand)
 z - a +4 ring of protection (left hand)
 J - an amulet of the acrobat (around neck)
 O - a ring of resist corrosion
 P - an amulet of reflection
 Q - a ring of positive energy
Wands
 q - a wand of warping (9)
 x - a wand of acid (9)
 B - a wand of paralysis (2)
 M - a wand of flame (22)
Scrolls
 b - a scroll of enchant armour {unknown}
 g - 4 scrolls of teleportation {unknown}
 h - 3 scrolls of revelation {unknown}
 i - 3 scrolls of identify {unknown}
 t - a scroll of silence {unknown}
 u - a scroll of amnesia {unknown}
 w - a scroll of brand weapon {unknown}
 y - a scroll of vulnerability {unknown}
 E - 2 scrolls of fear {unknown}
 F - a scroll of fog {unknown}
 H - a scroll of blinking {unknown}
 I - 3 scrolls of poison {unknown}
Potions
 d - 5 potions of might
 e - 2 potions of curing
 f - a potion of magic {unknown}
 k - a potion of cancellation {unknown}
 l - a potion of enlightenment {unknown}
 m - 2 potions of brilliance {unknown}
 n - a potion of attraction {unknown}
 p - 3 potions of heal wounds {unknown}
 C - a potion of haste {unknown}
 D - 2 potions of resistance {unknown}
 K - a potion of degeneration {unknown}
 R - a potion of mutation {unknown}


   Skills:
 + Level 8.4 Fighting
 * Level 10.7 Axes
 + Level 8.4 Armour
 - Level 2.0 Dodging
 + Level 8.5 Shields
 - Level 2.0 Unarmed Combat


You had 8 spell levels left.
You didn't know any spells.
Your spell library contained the following spells:

 Spells                   Type           Power      Damage    Failure   Level
 Apportation              Tloc           0%         N/A       99%         1
 Necrotise                Necr           0%         1d4       99%         1
 Shock                    Conj/Air       0%         1d3       99%         1
 Sting                    Conj/Alch      0%         1d3       99%         1
 Sublimation of Blood     Necr           0%         N/A       100%        2
 Dazzling Flash           Conj/Hex       0%         N/A       100%        3
 Mephitic Cloud           Conj/Alch/Air  0%         N/A       100%        3
 Swiftness                Air            0%         N/A       100%        3
 Volatile Blastmotes      Fire/Tloc      0%         2d10      100%        3
 Airstrike                Air            0%         2d(0-16)  100%        4
 Petrify                  Alch/Erth      0%         N/A       100%        4
 Curse of Agony           Necr           0%         N/A       100%        5
 Irradiate                Conj/Alch      0%         3d11      100%        5
 Silence                  Hex/Air        0%         N/A       100%        5
 Starburst                Conj/Fire      0%         6d3       100%        6
 Orb of Destruction       Conj           0%         9d5       100%        7
 Maxwell's Capacitive Co  Air            0%         ∞         100%        8
 Summon Small Mammal      Summ           Unusable   N/A       N/A         1
 Summon Blazeheart Golem  Fire/Summ      Unusable   N/A       N/A         4
 Spellforged Servitor     Conj/Summ      Unusable   N/A       N/A         7

Dungeon Overview and Level Annotations

Branches:
Dungeon (8/15)             Temple (1/1) D:6         Ossuary (visited)
 Bailey (1/1)
   Lair: D:8-11

Altars:
Ashenzari
Cheibriados
Dithmenos
Elyvilon
Fedhas
Gozag
Kikubaaqudgha
Nemelex Xobeh
Okawaru
Qazlal
Sif Muna
Trog
Vehumet
Xom
Yredelemnul
Zin
The Shining One

Shops:
D:5 *

Annotations:
D:4 1 runed translucent door, Crazy Yiuf Bailey 2 runed translucent doors


Innate Abilities, Weirdness & Mutations

You have a pair of horns on your head.
You reflexively headbutt those who attack you in melee.


Message History

You hit the orc knight but do no damage.
You headbutt the orc knight.
The orc knight is lightly wounded.
The orc knight barely misses you.
You closely miss the orc knight.
The orc knight is lightly wounded.
The orc knight hits you with a +0 bardiche.
You hit the orc knight but do no damage.
You headbutt the orc knight.
The orc knight is lightly wounded.
You slash the orc knight!
The orc knight is moderately wounded.
The orc knight hits you with a +0 bardiche!
You slash the orc knight!
You headbutt the orc knight, but do no damage.
The orc knight is heavily wounded.
The orc knight hits you with a +0 bardiche!
You closely miss the orc knight.
The orc knight is heavily wounded.
The orc knight hits you with a +0 bardiche!
You barely miss the orc knight. You headbutt the orc knight.
The orc knight is heavily wounded.
You slash the orc knight!
The orc knight is severely wounded.
The orc knight hits you with a +0 bardiche!
You completely miss the orc knight.
The orc knight is severely wounded.
The orc knight hits you with a +0 bardiche!!
* * * LOW HITPOINT WARNING * * *
You barely miss the orc knight.
You headbutt the orc knight, but do no damage.
The orc knight is severely wounded.
You slash the orc knight!
The orc knight is almost dead.
You feel like a meek peon again.
The orc knight hits you with a +0 bardiche!
* * * LOW HITPOINT WARNING * * *
It was a potion of curing.
You feel better.
The orc knight hits you with a +0 bardiche!!
You die...

≈≈≈≈≈..♣♣
.≈≈≈≈≈..♣#
..≈≈≈≈...#
..≈≈≈≈≈..####
...≈≈≈≈....)###
...≈≈≈≈..♣♣.).♣♣♣
...≈≈≈≈..♣.)....♣♣
..######........o♣
...........)..∩.@♣
...........))....♣
.............)...♣
..............∩..♣
..######.........♣
...≈≈≈≈.........♣♣
.♣.≈≈≈≈..♣....♣♣♣
...≈≈≈≈.....###
..♣≈≈≈≈..♣.##


You could see an orc knight.

Vanquished Creatures
  Prince Ribbit (D:5)
  A wyvern (D:6)
  Eustachio (D:3)
  A water moccasin (D:8)
  Duvessa (D:5)
  8 orc warriors
  A black bear (D:5)
  2 ogres
  A kobold brigand (D:5)
  3 bullfrogs
  5 scorpions
  Dowan (D:5)
  3 killer bees (D:6)
  3 howler monkeys
  3 bombardier beetles
  3 centaur zombies (Ossuary)
  3 jellies
  A hound (D:5)
  2 gnoll boudas
  2 orc priests
  A human zombie (D:5)
  A sleepcap (D:6)
  Ijyb (D:3)
  3 iguanas
  10 orc wizards
  3 crocodile zombies (Ossuary)
  3 mummies (Ossuary)
  Robin (D:4)
  8 gnolls
  6 adders
  3 shadow imps
  A white imp (D:5)
  2 ribbon worms
  39 orcs
  4 bats
  6 endoplasms
  4 giant cockroaches
  2 gnoll zombies (Ossuary)
  18 goblins
  10 hobgoblins
  6 quokkas
  9 ball pythons
  2 frilled lizards (D:1)
  16 kobolds
  4 kobold zombies
  6 rats
  A rat zombie (D:5)
216 creatures vanquished.

Vanquished Creatures (others)
  An orc wizard (D:6)
1 creature vanquished.

Grand Total: 217 creatures vanquished

Notes
Turn   | Place    | Note
-------+----------+-------------------------------------------
     0 | D:1      | LunLunTong the Minotaur Fighter began the quest for the
                  | Orb.
     0 | D:1      | Reached XP level 1. HP: 19/19 MP: 0/0
   266 | D:1      | Reached XP level 2. HP: 22/27 MP: 1/1
   692 | D:2      | Reached XP level 3. HP: 33/33 MP: 2/2
   886 | D:2      | Found a snail-covered altar of Cheibriados.
  1018 | D:2      | Reached skill level 3 in Axes
  1567 | D:3      | Reached XP level 4. HP: 21/40 MP: 3/3
  1650 | D:3      | Reached skill level 1 in Unarmed Combat
  1776 | D:3      | Noticed Ijyb
  1787 | D:3      | Killed Ijyb
  1788 | D:3      | Reached skill level 4 in Axes
  1788 | D:3      | Reached XP level 5. HP: 33/47 MP: 4/4
  2392 | D:4      | Noticed Eustachio
  2392 | D:4      | Noticed Robin
  2413 | D:3      | Killed Eustachio
  2414 | D:3      | Reached skill level 5 in Axes
  2414 | D:3      | Reached skill level 5 in Armour
  2414 | D:3      | Reached skill level 5 in Shields
  2414 | D:3      | Reached XP level 6. HP: 34/55 MP: 5/5
  2508 | D:4      | Reached skill level 5 in Fighting
  2690 | D:4      | Killed Robin
  2757 | D:4      | Reached skill level 1 in Dodging
  3065 | D:4      | Reached XP level 7. HP: 61/61 MP: 6/6
  3128 | D:4      | Found a runed translucent door.
  3129 | D:4      | Noticed Crazy Yiuf
  3328 | D:4      | Found a shimmering altar of Xom.
  3479 | D:5      | Entered Level 5 of the Dungeon
  3560 | D:5      | Found a sand-covered staircase.
  3583 | D:5      | Found Yruhom's Gadget Gallery.
  3741 | D:5      | Reached skill level 6 in Axes
  3906 | Ossuary  | Entered an ossuary
  4089 | Ossuary  | Reached XP level 8. HP: 63/70 MP: 7/7
  4184 | D:5      | Reached skill level 7 in Axes
  4459 | D:5      | Noticed Prince Ribbit
  4477 | D:5      | Killed Prince Ribbit
  4504 | D:5      | You fall into a shaft and drop 1 floor!
  4968 | D:6      | Reached skill level 8 in Axes
  5125 | D:5      | Noticed Duvessa
  5125 | D:5      | Noticed Dowan
  5142 | D:5      | Killed Duvessa
  5156 | D:5      | Killed Dowan
  5397 | D:5      | Found a white marble altar of Elyvilon.
  5804 | D:6      | Found a staircase to the Ecumenical Temple.
  5814 | Temple   | Entered the Ecumenical Temple
  5820 | Temple   | Became a worshipper of Warmaster Okawaru
  5850 | D:6      | Reached XP level 9. HP: 62/79 MP: 8/8
  6148 | D:6      | Reached skill level 9 in Axes
  6650 | D:6      | Reached * piety under Okawaru
  6969 | D:7      | Found a blossoming altar of Fedhas.
  7419 | D:8      | Reached skill level 10 in Axes
  7496 | D:8      | Found a flagged portal.
  7513 | Bailey   | Entered a bailey
  7632 | Bailey   | Reached ** piety under Okawaru
  7929 | Bailey   | Found a large runed translucent door.
  7929 | Bailey   | Found a large runed translucent door.
  7929 | Bailey   | Noticed a deep elf pyromancer
  7941 | Bailey   | Noticed an orc knight
  7981 | Bailey   | HP: 4/82 [orc knight/+0 bardiche (13)]
  7982 | Bailey   | Slain by an orc knight

Illustrated notes

Levels and vault maps discovered:
D:1:      dpeg_arrival_rooms_with_view, layout_loops_cross
D:2:      layout_basic, basic_altar
D:3:      layout_loops_ring, kennysheep_crisscross, uniq_ijyb
D:4:      layout_loops_cross, kennysheep_little_box, uniq_crazy_yiuf_cottage,
          uniq_eustachio, uniq_robin
D:5:      layout_rooms, nicolae_elyvilon_temple_path, enter_ossuary_3,
          nicolae_shop_gadgets, uniq_duvessa, uniq_prince_ribbit1
D:6:      layout_loops_corners, minmay_temple_entry_junction
D:7:      layout_cave_pools, fedhas_altar_2, chequers_mini_garden
D:8:      layout_basic, hangedman_ru_absence, lair_entry_dummy, enter_bailey_5,
          kennysheep_boxes, uniq_psyche
Temple:   eino_narrow_crystal_temple
Bailey:   bailey_polearm_elven_captive_hellmonk, bailey

Skill      XL: |  1  2  3  4  5  6  7  8  9 |
---------------+----------------------------+-----
Shields        | 4 5 6 7 8 |  8.5
Armour         | 4 5 7 8 |  8.4
Fighting       | 4 5 7 8 |  8.4
Axes           | 3 4 5 6 8 10 | 10.7
Unarmed Combat | 1 2 |  2.0
Dodging        | 2 |  2.0

Action                     |  1- 3 |  4- 6 |  7- 9 || total
---------------------------+-------+-------+-------++-------
  Melee: War axe           |    95 |   153 |   337 ||   585
         Headbutt          |    10 |    22 |    58 ||    90
  Throw: Javelin           |       |     3 |     7 ||    10
 Invoke: Heroism           |       |       |     1 ||     1
  Evoke: Wand              |       |       |     2 ||     2
    Use: Potion            |       |       |     1 ||     1
 Armour: Scale mail        |    46 |       |       ||    46
         Plate armour      |    50 |   157 |   296 ||   503
  Dodge: Dodged            |    37 |    42 |   181 ||   260
  Block: Buckler           |    28 |    37 |   106 ||   171

Table legend: (Time is in decaauts)
 A = Elapsed time spent in this place.
 B = Non-inter-level travel time spent in this place.
 C = Inter-level travel time spent in this place.
 D = Time resting spent in this place.
 E = Time spent auto-exploring this place.
 F = Levels seen in this place.
 G = Mean time per level.
                   A        B        C        D        E       F      G
               +--------+--------+--------+--------+--------+-----+--------+
         Total |   8117 |   7304 |    813 |      0 |   5197 |  11 |  737.9 |
       Dungeon |   7350 |   6557 |    793 |      0 |   4914 |   8 |  918.8 |
        Temple |     22 |      2 |     20 |      0 |      0 |   1 |   22.0 |
       Ossuary |    278 |    278 |      0 |      0 |    147 |   1 |  278.0 |
        Bailey |    465 |    465 |      0 |      0 |    136 |   1 |  465.0 |
               +--------+--------+--------+--------+--------+-----+--------+

Top non-repeatable levels by time:
     D:6: 1642 daAuts
     D:4: 1343 daAuts
     D:5: 1108 daAuts
     D:3: 1036 daAuts
     D:2: 972 daAuts
     D:7: 580 daAuts
     D:1: 549 daAuts
  Bailey: 465 daAuts
 Ossuary: 278 daAuts
     D:8: 118 daAuts
  Temple: 22 daAuts
